 Dungeon Crawl Stone Soup version 0.27.1-37-g7b29ead8ac (console) character file.

Game seed: 6295220061072250758

1757 grimtooth the Arsonist (level 8, -4/57 HPs)
             Began as a Demigod Fire Elementalist on Apr 13, 2023.
             Slain by a centaur (7 damage)
             ... on level 6 of the Dungeon.
             The game lasted 00:24:32 (6809 turns).

grimtooth the Arsonist (Demigod Fire Elementalist)  Turns: 6809, Time: 00:24:32

Health: -4/57      AC:  4    Str:  9    XL:     8   Next: 49%
Magic:  3/15       EV: 13    Int: 25    God:
Gold:   226        SH:  0    Dex: 26    Spells: 5/13 levels left

rFire    . . .     SeeInvis .   A - +2 dagger (venom)
rCold    . . .     Faith    .   (no shield)
rNeg     . . .     Spirit   .   a - +0 robe
rPois    .         Reflect  .   D - +0 helmet
rElec    .         Harm     .   (no cloak)
rCorr    .         Rampage  .   (no gloves)
Will     .....                  r - +0 pair of boots
Stlth    +++.......             j - amulet of the acrobat
HPRegen  0.19/turn              u - +6 ring of dexterity
MPRegen  0.14/turn              x - +6 ring of dexterity

@: no status effects
A: high mp 1, forlorn
a: no special abilities


You were on level 6 of the Dungeon.
You visited 1 branch of the dungeon, and saw 6 of its levels.

You collected 226 gold pieces.

Inventory:

Hand Weapons
 A - a +2 dagger of venom (weapon)
 C - a +1 dagger of holy wrath
Missiles
 c - 44 stones (quivered)
 i - 39 poisoned darts
 m - 43 sling bullets
 w - 4 boomerangs of dispersal
 z - 6 boomerangs
 B - 7 throwing nets {=f}
Armour
 a - a +0 robe (worn)
 r - a +0 pair of boots (worn)
 D - a +0 helmet (worn)
Jewellery
 h - a ring of protection from cold
 j - an amulet of the acrobat (around neck)
 u - a +6 ring of dexterity (left hand)
 x - a +6 ring of dexterity (right hand)
Scrolls
 d - 3 scrolls of amnesia {unknown}
 e - a scroll of noise {unknown}
 l - a scroll of magic mapping {unknown}
 p - 3 scrolls of teleportation
 s - a scroll of fog {unknown}
 v - a scroll of blinking {unknown}
 y - a scroll of enchant armour {unknown}
 E - a scroll of immolation {unknown}
Potions
 f - a potion of brilliance {unknown}
 g - a potion of haste {unknown}
 k - a potion of lignification {unknown}
 n - a potion of resistance
 o - a potion of flight
 q - a potion of might {unknown}
 t - a potion of berserk rage {unknown}
 F - a potion of curing


   Skills:
 - Level 1.7 Dodging
 - Level 1.7 Stealth
 - Level 3.0 Spellcasting
 - Level 6.0 Conjurations
 + Level 8.5 Fire Magic


You had 5 spell levels left.
You knew the following spells:

 Your Spells              Type           Power      Damage    Failure   Level
a - Foxfire               Conj/Fire      100%       2x1d9     1%          1
b - Conjure Flame         Conj/Fire      40%        6-21      1%          3
d - Sticky Flame          Conj/Fire      40%        2d6       4%          4

Your spell library contained the following spells:

 Spells                   Type           Power      Damage    Failure   Level
 Inner Flame              Hex/Fire       25%        N/A       5%          3
 Fireball                 Conj/Fire      20%        3d10      14%         5
 Corpse Rot               Necr/Air       N/A        N/A       16%         2
 Poisonous Vapours        Pois/Air       6%         N/A       16%         2
 Freezing Cloud           Conj/Ice/Air   6%         6-21      77%         5


Dungeon Overview and Level Annotations

Branches:
Dungeon (6/15)
 Temple: D:4-7

Annotations:
D:6 Grinder


Innate Abilities, Weirdness & Mutations

Your attributes grow dramatically as you level up.
You have an increased reservoir of magic. (+10% MP)
You shall have no god before yourself.


Message History

Okay, then.
You completely miss something.
The foxfire hits something. x2
The centaur shoots an arrow.
The arrow closely misses you.
The centaur shoots an arrow.
Reactivating autopickup.
You feel a bit more experienced.
Press: ? - help, v - describe, . - travel
Here: a centaur, wielding a +0 shortbow, wearing a +0 robe and quivering arrows (moderately wounded, ally target)
The floor.
The centaur shoots an arrow.
The arrow barely misses you.
Casting: Foxfire (safe; 1% risk of failure)
Confirm with . or Enter, or press ? or * to list all spells.
You conjure some foxfire!
The centaur shoots an arrow.
The arrow hits you!
* * * LOW HITPOINT WARNING * * *
Your foxfire dissipates!
You start resting.
A centaur is nearby!
The centaur unwields a +0 shortbow.
The centaur wields a +0 scimitar.
The centaur misses you. x2
Press: ? - help, v - describe, . - travel
Here: a centaur, wielding a +0 scimitar, wearing a +0 robe and quivering arrows (moderately wounded)
The floor.
Casting: Foxfire (safe; 1% risk of failure)
Confirm with . or Enter, or press ? or * to list all spells.
Aiming: Sticky Flame (dangerous; 4% risk of failure)
Press: ? - help, Shift-Dir - straight line, f - centaur
Aim: a centaur, wielding a +0 scimitar, wearing a +0 robe and quivering arrows (moderately wounded, 100% to hit)
The sticky flame hits the centaur.
The centaur is heavily wounded.
The centaur is covered in liquid flames!
The centaur burns!
The centaur hits you with a +0 scimitar!
* * * LOW HITPOINT WARNING * * *
The centaur barely misses you. The centaur closely misses you.
The centaur misses you.
You hit the centaur but do no damage.
The centaur is poisoned.
The centaur is severely wounded.
The centaur burns!
The centaur hits you with a +0 scimitar!
You die...

...>S.........
.............
.........# ......#
#...##.# ##.....#
###..##### . #..)## ..
.. ##†###########...
....###c.##...........#
.......@#.<.^.........#
..........#..........##
......####)...........#
#...##.......<........#
....#..##########.#)#..
.#... ...# .## ##


You could see a centaur (burning, very poisoned).

Vanquished Creatures
  2 water moccasins
  A sky beast (D:6)
  2 ice beasts
  2 necrophages
  A black bear (D:3)
  3 ogres
  A water moccasin zombie (D:3)
  A wyvern skeleton (D:5)
  2 hounds
  2 jellies (D:5)
  2 centaur zombies (D:5)
  A gnoll shaman (D:4)
  A centaur skeleton (D:6)
  3 orc priests
  A scorpion zombie (D:5)
  An orc wizard (D:5)
  A hound skeleton (D:5)
  A howler monkey zombie (D:4)
  8 gnolls (D:4)
  7 adders
  A white imp (D:4)
  An adder skeleton (D:4)
  A dart slug (D:2)
  18 orcs
  11 ball pythons
  9 endoplasms
  A giant cockroach (D:3)
  6 goblins
  13 hobgoblins
  2 jackals (D:3)
  16 kobolds
  3 quokkas
  6 bats
  6 frilled lizards
  4 rats
141 creatures vanquished.

Vanquished Creatures (collateral kills)
  3 foxfires (D:4)
3 creatures vanquished.

Vanquished Creatures (others)
  6 demonic plants (D:3)
  471 foxfires
  8 fungi (D:3)
  2 plants (D:3)
  4 withered plants (D:3)
491 creatures vanquished.

Grand Total: 635 creatures vanquished

Notes
Turn   | Place    | Note
-------+----------+-------------------------------------------
     0 | D:1      | grimtooth the Demigod Fire Elementalist began the quest for
                  | the Orb.
     0 | D:1      | Reached XP level 1. HP: 14/14 MP: 5/5
    15 | D:1      | Reached skill level 1 in Conjurations
   230 | D:1      | Reached skill level 3 in Fire Magic
   284 | D:1      | Reached XP level 2. HP: 20/20 MP: 1/7
  1111 | D:2      | Reached XP level 3. HP: 24/26 MP: 3/8
  2223 | D:3      | Noticed an ogre
  2468 | D:2      | Killed an ogre
  2469 | D:2      | Reached skill level 4 in Fire Magic
  2469 | D:2      | Reached XP level 4. HP: 11/33 MP: 6/9
  2720 | D:3      | Reached XP level 5. HP: 38/38 MP: 6/10
  3728 | D:3      | Reached XP level 6. HP: 30/45 MP: 4/11
  4149 | D:3      | Reached skill level 5 in Fire Magic
  4162 | D:3      | Learned a level 3 spell: Conjure Flame
  5225 | D:4      | Reached skill level 5 in Conjurations
  5233 | D:4      | Reached XP level 7. HP: 50/50 MP: 6/12
  5441 | D:5      | Entered Level 5 of the Dungeon
  5451 | D:5      | Reached skill level 6 in Fire Magic
  5458 | D:5      | Learned a level 4 spell: Sticky Flame
  6079 | D:5      | Reached XP level 8. HP: 57/57 MP: 6/15
  6259 | D:5      | Reached skill level 7 in Fire Magic
  6534 | D:6      | Noticed Grinder
  6797 | D:6      | Reached skill level 8 in Fire Magic
  6809 | D:6      | Slain by a centaur

Illustrated notes

Levels and vault maps discovered:
D:1:      mrwooster_arrival_statue_3, layout_rooms, amethyst_killhole,
          kennysheep_crisscross
D:2:      layout_basic, serial_rivers, chequers_serial_rivers_small_3,
          chequers_serial_rivers_micro_e, chequers_serial_rivers_micro_e,
          chequers_serial_rivers_micro_b, minmay_pentomino_pile
D:3:      layout_loops_cross, mainiacjoe_overflow_surrounded_room,
          shapermc_ecumenical_altar_gd, minivault_19
D:4:      corexii_shack_village, layout_cave_pools, lemuel_tele_altar
D:5:      layout_rooms
D:6:      layout_rooms, lemuel_doored_altar, chequers_decorated_corner,
          uniq_grinder

Skill      XL: |  1  2  3  4  5  6  7  8 |
---------------+-------------------------+-----
Conjurations   | 1 2 3 4 5 6 |  6.0
Fire Magic     | 3 4 5 6 8 |  8.5
Spellcasting   | 3 |  3.0
Dodging        | |  1.7
Stealth        | |  1.7

Action                   |  1- 3 |  4- 6 |  7- 9 || total
-------------------------+-------+-------+-------++-------
Melee: Dagger            |    12 |    41 |    19 ||    72
Throw: Stone             |     1 |     5 |     6 ||    12
 Cast: Foxfire           |    92 |   120 |    70 ||   282
       Conjure Flame     |       |       |     9 ||     9
       Sticky Flame      |       |       |     1 ||     1
  Use: Scroll            |       |       |     4 ||     4
 Stab: Sleeping          |       |     2 |       ||     2
Armor: Robe              |     7 |     8 |     7 ||    22
Dodge: Dodged            |    35 |    38 |    51 ||   124
